cohdb
Replays
Latest Replays
All Replays
Popular Replays
Top Player Replays
Match Explorer
How It Works
Community
CoH3 Stats
Reddit
Sign in to upload your games and track your stats! →
Sign in with Steam
Match 44037633
Unlisted
Match 44037633
Overview
Messages
Build Orders
End
Kettenkrad Recon Vehicle
Construct Infanterie Kompanie
Selects Italian Coastal Battlegroup
Selects Coastal Reserves
MG 42 Machine Gun Team
Coastal Reserve
MG 42 Machine Gun Team
Selects Artillery Officer
Construct Luftwaffe Kompanie
Flak 30 Anti-aircraft Gun Team
Flak 30 Anti-aircraft Gun Team
Artillery Officer
Medical Bunker
Support Elements
Wirbelwind Flakpanzer
Wirbelwind Flakpanzer
sdawha
Joraad
mosamin8846
1443943334
BaTBaiLeyS
naps333
LeftBrotherSuperNoob
Supreme Waffle Lord 69
0
0
Comments
sign in to comment!
No comments posted yet!